 Dungeon Crawl Stone Soup version 0.30.1-11-g7821555f0a (webtiles) character file.

Game seed: 10898587666816346409

5606 Wiggles the Cleaver (level 10, -13/138 HPs)
             Began as a Minotaur Berserker on Nov 30, 2023.
             Was an Elder of Trog.
             Mangled by a manticore (14 damage)
             ... on level 9 of the Dungeon.
             The game lasted 00:13:22 (7418 turns).

Wiggles the Cleaver (Minotaur Berserker)            Turns: 7418, Time: 00:13:23

Health: -13/138    AC: 24    Str: 26    XL:     10   Next: 45%
Magic:  9/9        EV:  8    Int:  4    God:    Trog [****..]
Gold:   330        SH:  0    Dex: 10    Spells: 9/9 levels left

rFire   . . .        a - +0 hand axe (venom)
rCold   . . .        (no shield)
rNeg    . . .        x - +0 plate armour
rPois   .            j - +2 hat
rElec   .            i - +0 cloak
rCorr   +            t - +1 pair of gloves
SInv    .            (no boots)
Will    .....        (no amulet) Stlth
                     f - +4 ring of protection
HPRegen 0.43/turn    E - ring of resist corrosion
MPRegen 0.11/turn

%: no passive effects
@: berserking, very quick
A: horns 2, retaliatory headbutt
a: Renounce Religion, Berserk, Trog's Hand, Brothers in Arms


You were on level 9 of the Dungeon.
You worshipped Trog.
Trog was greatly pleased with you.
You visited 1 branch of the dungeon, and saw 9 of its levels.

You collected 330 gold pieces.

Inventory:

Hand Weapons
 a - a +0 hand axe of venom (weapon)
Missiles
 G - a throwing net (quivered)
Armour
 i - a +0 cloak (worn)
 j - a +2 hat (worn)
 t - a +1 pair of gloves (worn)
 x - a +0 plate armour (worn)
Jewellery
 f - a +4 ring of protection (left hand)
 m - a ring of protection from cold
 y - a ring of poison resistance
 E - a ring of resist corrosion (right hand)
Wands
 l - a wand of polymorph (5)
 A - a wand of charming (24)
 B - a wand of acid (11)
Scrolls
 b - 3 scrolls of teleportation
 c - a scroll of enchant armour
 d - 2 scrolls of immolation
 g - a scroll of amnesia {unknown}
 o - 2 scrolls of noise
 q - 2 scrolls of vulnerability
 w - a scroll of blinking
 C - a scroll of brand weapon
Potions
 e - 7 potions of curing
 h - a potion of brilliance {unknown}
 k - 2 potions of cancellation
 n - 2 potions of degeneration
 p - 6 potions of might
 r - a potion of flight {unknown}
 s - a potion of berserk rage {unknown}
 u - a potion of invisibility {unknown}
 v - a potion of lignification {unknown}
 z - a potion of heal wounds {unknown}
 F - a potion of ambrosia {unknown}
 H - a potion of mutation {unknown}


   Skills:
 + Level 9.7 Fighting
 + Level 13.1 Axes
 + Level 9.3 Armour
 + Level 3.8 Dodging
 + Level 2.0 Stealth
 + Level 1.2 Evocations


You had 9 spell levels left.
You didn't know any spells.
Your spell library was empty.

Dungeon Overview and Level Annotations

Branches:
Dungeon (9/15)             Temple (0/1) D:7
   Lair: D:8-11         Orc: D:9-12

Altars:
Cheibriados
Elyvilon
Fedhas
Gozag
Kikubaaqudgha
Sif Muna
Wu Jian

Shops:
D:1 ?   D:6 (   D:8 (   D:9 *


Innate Abilities, Weirdness & Mutations

You have a pair of horns on your head.
You reflexively headbutt those who attack you in melee.


Message History

The centaur warrior is heavily wounded.
You slash the slime creature! You slash the manticore!
The centaur warrior barely misses you.
The centaur warrior kicks you but does no damage.
You hit the centaur warrior. You headbutt the centaur warrior!
The centaur warrior is severely wounded.
You slash the manticore!
The manticore looks as sick as possible!
You hit the slime creature.
Your ogre hits the slime creature with a +0 giant spiked club!!
The slime creature dies!
Trog accepts your kill. The manticore bites you.
* * * LOW HITPOINT WARNING * * *
The manticore claws you but does no damage. x2
You slash the centaur warrior!
The centaur warrior looks as sick as possible!
The centaur warrior is almost dead.
You hit the steam dragon.
The steam dragon is poisoned.
You hit the manticore.
The manticore looks as sick as possible!
You completely miss the wizard.
The centaur warrior hits you but does no damage.
The centaur warrior kicks you but does no damage.
You are too berserk!
You slash the centaur warrior!
You kill the centaur warrior!
Trog accepts your kill.
You hit the manticore.
The manticore looks as sick as possible!
You hit the wizard. You slash the steam dragon!
The steam dragon looks as sick as possible!
Your ogre barely misses the manticore.
The wizard mumbles some strange words.
The wizard flickers and vanishes!
The basilisk gazes at you. The steam dragon completely misses you.
You furiously retaliate!
You headbutt the steam dragon!
The steam dragon claws you but does no damage.
The manticore bites you!
You die...

#........#
#...#
########.#
#.#.# #)#
#...# #.#
##### #.#
###########.#
.........##.#
........)##.#
#O@..?#####
#H{D........
#.{...######
#l...##
.e....#
.c.#..#.#
...V.#....#
.... #....#
#.## #...##


You could see a manticore (extremely poisoned, ally target), a deep elf
pyromancer, a basilisk, a steam dragon (extremely poisoned) and a friendly ogre
(summoned, berserk).

Vanquished Creatures
  2 centaur warriors (D:9)
  A two-headed ogre (D:8)
  Joseph (D:8)
  A kobold demonologist (D:9)
  A hornet (D:8)
  Sigmund (D:5)
  A wyvern (D:9)
  2 steam dragons
  A vampire mosquito (D:9)
  An acid dragon (D:8)
  A water moccasin (D:5)
  Duvessa (D:7)
  2 black bears
  2 orc warriors
  An ice beast (D:7)
  4 centaurs
  2 phantoms (D:5)
  A kobold brigand (D:8)
  2 bullfrogs
  3 scorpions (D:6)
  6 wights
  Dowan (D:7)
  3 howler monkeys
  An electric eel (D:8)
  4 orc priests
  3 hounds
  2 jellies
  Crazy Yiuf (D:2)
  6 iguanas
  6 orc wizards
  5 adders
  2 shadow imps
  An ufetubus (D:4)
  4 worms (D:2)
  21 orcs
  4 bats
  3 endoplasms (D:3)
  3 giant cockroaches
  7 goblins
  5 hobgoblins
  4 kobolds
  2 quokkas
  3 training dummies (D:6)
  7 ball pythons
  4 frilled lizards
  3 rats
142 creatures vanquished.

Vanquished Creatures (collateral kills)
  A slime creature (D:9)
1 creature vanquished.

Grand Total: 143 creatures vanquished

Notes
Turn   | Place    | Note
-------+----------+-------------------------------------------
     0 | D:1      | Wiggles the Minotaur Berserker began the quest for the Orb.
     0 | D:1      | Reached XP level 1. HP: 19/19 MP: 0/0
   163 | D:1      | Found Acharedgh's Magic Scroll Shop.
   210 | D:1      | You fall into a shaft and drop 1 floor!
   274 | D:2      | Reached XP level 2. HP: 27/27 MP: 1/1
   380 | D:1      | Reached skill level 4 in Axes
   689 | D:2      | Found an opulent altar of Gozag.
   764 | D:2      | Reached ** piety under Trog
   765 | D:2      | Reached XP level 3. HP: 34/34 MP: 2/2
   958 | D:2      | Reached XP level 4. HP: 41/41 MP: 3/3
  1026 | D:2      | Found a runed translucent door.
  1027 | D:2      | Noticed Crazy Yiuf
  1032 | D:2      | Killed Crazy Yiuf
  1033 | D:2      | Reached skill level 5 in Axes
  1693 | D:3      | Reached skill level 5 in Fighting
  1693 | D:3      | Reached XP level 5. HP: 46/48 MP: 4/4
  2074 | D:4      | Found an ancient bone altar of Kikubaaqudgha.
  2204 | D:4      | Reached *** piety under Trog
  2262 | D:4      | Reached skill level 6 in Axes
  2262 | D:4      | Reached skill level 1 in Stealth
  2746 | D:5      | Entered Level 5 of the Dungeon
  2929 | D:5      | Noticed a black bear
  2936 | D:5      | Killed a black bear
  2937 | D:5      | Reached XP level 6. HP: 56/56 MP: 5/5
  3107 | D:5      | Noticed Sigmund
  3114 | D:5      | Killed Sigmund
  3115 | D:5      | Reached skill level 7 in Axes
  3135 | D:5      | Reached XP level 7. HP: 59/62 MP: 6/6
  3590 | D:6      | Reached skill level 8 in Axes
  3631 | D:6      | Reached skill level 5 in Armour
  3631 | D:6      | Reached XP level 8. HP: 44/71 MP: 7/7
  3899 | D:6      | Found Konn's Firing Range.
  4092 | D:6      | Found a shimmering blue altar of Sif Muna.
  4144 | D:6      | Reached skill level 9 in Axes
  4721 | D:7      | Identified the +7 quarterstaff "Killer Bee's Bane" {heavy,
                  | +Blink MP+9 Dex+4}
  4816 | D:7      | Noticed Duvessa
  4816 | D:7      | Noticed Dowan
  4823 | D:7      | Killed Dowan
  4826 | D:7      | Killed Duvessa
  4827 | D:7      | Reached skill level 10 in Axes
  5048 | D:7      | Reached XP level 9. HP: 76/81 MP: 8/8
  5249 | D:7      | Found a staircase to the Ecumenical Temple.
  5655 | D:8      | Reached **** piety under Trog
  5745 | D:8      | Found a white marble altar of Elyvilon.
  5880 | D:8      | Reached skill level 11 in Axes
  5993 | D:8      | Noticed Joseph
  6007 | D:8      | Killed Joseph
  6190 | D:8      | Noticed a two-headed ogre
  6198 | D:8      | Killed a two-headed ogre
  6199 | D:8      | Reached skill level 12 in Axes
  6409 | D:8      | Reached XP level 10. HP: 73/89 MP: 9/9
  6621 | D:8      | Found Ceisipsoqa's Weapon Boutique.
  6722 | D:8      | Found a snail-covered altar of Cheibriados.
  6722 | D:8      | Found a blossoming altar of Fedhas.
  6724 | D:8      | Found an ornate altar of the Wu Jian Council.
  7022 | D:9      | Found Doufepn's General Store.
  7119 | D:9      | Found an opulent altar of Gozag.
  7192 | D:9      | Reached skill level 1 in Evocations
  7392 | D:9      | Noticed a centaur warrior
  7392 | D:9      | Noticed a centaur warrior
  7393 | D:9      | Noticed a deep elf pyromancer
  7394 | D:9      | Noticed a wizard
  7394 | D:9      | Noticed a manticore
  7413 | D:9      | Killed a centaur warrior
  7414 | D:9      | Reached skill level 13 in Axes
  7414 | D:9      | HP: 5/136 [centaur warrior (11)]
  7416 | D:9      | HP: 1/136 [manticore (4)]
  7418 | D:9      | Killed a centaur warrior
  7418 | D:9      | Mangled by a manticore

Illustrated notes

Levels and vault maps discovered:
D:1:      spicycebolla_arrival_ecumenical, layout_loops_ring, serial_shops,
          shop, solitary_fountain
D:2:      layout_basic, basic_altar, minmay_pentomino_z4,
          uniq_crazy_yiuf_cottage
D:3:      layout_basic, serial_corexii_hall, corexii_hall_statues_s,
          corexii_hall_statues_x, chequers_hall_statues_y,
          corexii_hall_statues_i
D:4:      layout_gridville, lemuel_doored_altar, serial_co_window_serial,
          co_window_paths_a, co_window_corner_a, co_window_corner_a,
          co_window_of_opportunity_a, co_window_paths_b, co_window_paths_a,
          co_window_paths_b, co_window_paths_a, co_window_of_opportunity_a,
          co_window_of_opportunity_b, co_window_broadway_c,
          co_window_of_opportunity_c, co_window_corner_b,
          co_window_unsneaky_path_c, co_window_broadway_b, co_window_corner_b,
          glass_columns_a, glass_columns_a, minmay_misc_feat_tower
D:5:      layout_basic, minmay_misc_feat_x, uniq_sigmund
D:6:      layout_rooms, nicolae_sif_muna_condensation, nicolae_shop_firing_range
D:7:      layout_layer_cave, minmay_temple_entry_purple_smoke,
          nicolae_nh_ransacked_shop, uniq_duvessa
D:8:      layout_loops_ring, nicolae_elyvilon_temple_path,
          nicolae_overflow_hidden_temple, serial_aquarium,
          aquarium_bridge_straight [aquarium_subvault_bridge,
          aquarium_subvault_wall, aquarium_subvault_bridge,
          aquarium_subvault_balcony], aquarium_bridge_long_separate
          [aquarium_subvault_bridge, aquarium_subvault_bridge,
          aquarium_subvault_bridge, aquarium_subvault_wall,
          aquarium_subvault_bridge, aquarium_subvault_balcony],
          aquarium_window_corner, aquarium_window_1, aquarium_view_2b,
          aquarium_view_2d, aquarium_pool_five, serial_shops, shop, st_stairs_1,
          amcnicky_mini_pool_small, uniq_joseph
D:9:      layout_basic, nicolae_gozag_seed_capital, serial_shops,
          shop_fountains, minivault_28, uniq_harold, uniq_erica

Skill      XL: |  1  2  3  4  5  6  7  8  9 10 |
---------------+-------------------------------+-----
Fighting       | 4 5 6 7 9 |  9.7
Axes           | 4 5 6 7 8 10 12 13 | 13.1
Dodging        | 3 |  3.8
Stealth        | 1 2 |  2.0
Armour         | 3 5 6 8 9 |  9.3
Evocations     | 1 |  1.2

Action                     |  1- 3 |  4- 6 |  7- 9 | 10-12 || total
---------------------------+-------+-------+-------+-------++-------
  Melee: Hand axe          |    74 |    68 |   248 |    69 ||   459
         Headbutt          |     5 |    12 |    39 |    18 ||    74
         Punch             |       |       |     3 |       ||     3
 Invoke: Berserk           |       |     3 |     3 |     1 ||     7
         Brothers in Arms  |       |       |       |     1 ||     1
  Evoke: Wand              |       |       |       |     4 ||     4
    Use: Scroll            |       |       |    14 |       ||    14
   Stab: Sleeping          |     1 |       |       |       ||     1
 Armour: Animal skin       |    22 |       |       |       ||    22
         Leather armour    |     5 |    22 |       |       ||    27
         Scale mail        |       |     7 |       |       ||     7
         Plate armour      |       |     9 |   183 |    68 ||   260
  Dodge: Dodged            |    52 |    39 |    99 |    17 ||   207
